 Dungeon Crawl Stone Soup version 0.20.1-1-g8b1a95d (webtiles) character file.

577 letownia2 the Grave Robber (level 7, 0/58 HPs)
             Began as a Deep Dwarf Necromancer on Oct 29, 2017.
             Slain by a gnoll (1 damage)
             ... on level 6 of the Dungeon.
             The game lasted 00:12:00 (3002 turns).

letownia2 the Grave Robber (Deep Dwarf Necromancer) Turns: 3002, Time: 00:12:01

Health: 0/58       AC:  3    Str: 12    XL:     7   Next: 13%
Magic:  2/11       EV: 12    Int: 17    God:
Gold:   117        SH:  0    Dex: 13    Spells: 8/12 levels left

rFire    . . .     SeeInvis .   v - +2 battleaxe (elec)
rCold    . . .     Gourm    .   (shield currently unavailable)
rNeg     . . .     Faith    .   s - +0 leather armour
rPois    .         Spirit   .   (no helmet)
rElec    .         Reflect  .   (no cloak)
rCorr    .         Harm     .   (no gloves)
MR       +....                  (no boots)
Stlth    ++........             h - amulet of magic regeneration
Regen    0.0/turn               (no ring)
MPRegen  0.2/turn               (no ring)

@: non-regenerating
A: damage resistance, heal wounds, sense surroundings 1, no regeneration
a: Heal Wounds


You were on level 6 of the Dungeon.
You were near starving.

You visited 1 branch of the dungeon, and saw 6 of its levels.

You collected 117 gold pieces.

Inventory:

Hand Weapons
 a - a +0 dagger
 k - a +0 short sword
 l - a +0 hand axe
 t - a +0 hand axe
 v - a +2 battleaxe of electrocution (weapon)
 w - a +0 war axe
Missiles
 g - 11 poisoned needles
Armour
 s - a +0 leather armour (worn)
Jewellery
 h - an amulet of magic regeneration (around neck)
Wands
 f - a wand of disintegration (6/24)
 i - a wand of iceblast (7/15)
 x - a wand of random effects (13/48)
Scrolls
 p - a scroll of enchant armour {unknown}
 u - a scroll of immolation {unknown}
Potions
 e - a potion of ambrosia {unknown}
 m - a potion of lignification {unknown}
 n - a potion of resistance {unknown}
 o - a potion of invisibility {unknown}
 q - a potion of curing {unknown}
 r - a potion of brilliance {unknown}
Books
 b - a book of Necromancy

   Spells                             Type                      Level
   a - Pain                           Necromancy                   1
   b - Animate Skeleton               Necromancy                   1
   c - Vampiric Draining              Necromancy                   3
   d - Regeneration                   Charms/Necromancy            3
   e - Animate Dead                   Necromancy                   4
   f - Control Undead                 Necromancy                   4
 d - a book of Changes

   Spells                             Type                      Level
   a - Beastly Appendage              Transmutation                1
   b - Sticks to Snakes               Transmutation                2
   c - Spider Form                    Transmutation/Poison         3
   d - Ice Form                       Ice/Transmutation            4
   e - Blade Hands                    Transmutation                5
Comestibles
 c - 2 bread rations
 j - 2 meat rations


   Skills:
 + Level 1.6 Fighting
 - Level 2.6 Armour
 - Level 2.1 Dodging
 - Level 2.4 Stealth
 + Level 3.1 Spellcasting
 - Level 7.9 Necromancy


You had 8 spell levels left.
You knew the following spells:

 Your Spells              Type           Power        Failure   Level  Hunger
a - Pain                  Necr           ####         1%          1    None
v - Vampiric Draining     Necr           ####......   2%          3    ###....


Dungeon Overview and Level Annotations

Branches:
Dungeon (6/15)
 Temple: D:4-7

Altars:
Nemelex Xobeh

Annotations:
D:4 exclusion: skeleton


Innate Abilities, Weirdness & Mutations

You are resistant to damage.
You can heal yourself by infusing magical energy.
You passively map a small area around you.
You do not regenerate.


Message History

You kill the gnoll shaman!
You feel life coursing into your body.
The gnoll hits you from afar with a spear!
* * * LOW HITPOINT WARNING * * *
The gnoll hits you from afar with a spear.
* * * LOW HITPOINT WARNING * * *
Unknown command.
Unknown command.
The gnoll misses you.
Things that are here:
a whip; a robe There isn't anything to butcher here.
You slash the gnoll!
You kill the gnoll!
The gnoll closely misses you.
You closely miss the gnoll. The gnoll closely misses you.
You closely miss the gnoll. The gnoll hits you.
* * * LOW HITPOINT WARNING * * *
The gnoll hits you.
You die...

######## , #......#
.....?. #......#
g...... ##......#
.g..>$. , ........#
g...... ,........#
....... ........#
*....... , ,
........#######.......
, ,
.........)...@gg......
.........##########..#
, ..##.#...# ,..
#...#.# ..#####..##.#
, , Z........##.# ,
......<<....# , **
..$.........# * ,
............# *


You could see 2 gnolls.

Vanquished Creatures
  A sky beast (D:5)
  A centaur (D:5)
  A centaur zombie (D:5)
  2 orc priests (D:4)
  A gnoll shaman (D:6)
  A hound (D:4)
  3 orc wizards
  A howler monkey skeleton (D:6)
  5 gnolls
  8 adders
  An adder zombie (D:5)
  2 worms
  10 orcs
  3 giant cockroaches
  A hobgoblin (D:2)
  3 jackals (D:2)
  3 bats
  A frilled lizard (D:4)
  A rat (D:3)
49 creatures vanquished.

Notes
Turn   | Place    | Note
-------+----------+-------------------------------------------
     0 | D:1      | letownia2 the Deep Dwarf Necromancer began the quest for the Orb.
     0 | D:1      | Reached XP level 1. HP: 15/15 MP: 3/3
   443 | D:2      | Reached XP level 2. HP: 19/22 MP: 0/5
   715 | D:3      | Reached skill level 5 in Necromancy
   715 | D:3      | Reached XP level 3. HP: 15/28 MP: 2/6
   720 | D:3      | Learned a level 3 spell: Vampiric Draining
   769 | D:4      | Found a sparkling altar of Nemelex Xobeh.
  1493 | D:4      | Reached XP level 4. HP: 17/36 MP: 0/7
  1627 | D:4      | HP: 1/36 [hound (5)]
  1629 | D:4      | Reached skill level 1 in Armour
  1629 | D:4      | Reached skill level 6 in Necromancy
  1678 | D:4      | Reached XP level 5. HP: 2/42 MP: 1/8
  2103 | D:5      | Entered Level 5 of the Dungeon
  2173 | D:5      | Noticed a phantom
  2190 | D:5      | Noticed a sky beast
  2191 | D:5      | Noticed a sky beast
  2208 | D:5      | Killed a sky beast
  2208 | D:5      | Reached skill level 7 in Necromancy
  2208 | D:5      | Reached XP level 6. HP: 41/49 MP: 0/9
  2825 | D:5      | Noticed a hippogriff
  2854 | D:5      | Reached skill level 1 in Fighting
  2880 | D:5      | Reached XP level 7. HP: 11/57 MP: 0/11
  3002 | D:6      | HP: 1/58 [gnoll (5)]
  3002 | D:6      | Slain by a gnoll

Skill      XL: |  1  2  3  4  5  6  7 |
---------------+----------------------+-----
Spellcasting   | 2 3 |  3.1
Necromancy     | 5 6 7 |  7.9
Armour         | 1 2 |  2.6
Fighting       | 1 |  1.6
Dodging        | |  2.1
Stealth        | |  2.4

Action                   |  1- 3 |  4- 6 |  7- 9 || total
-------------------------+-------+-------+-------++-------
Melee: Unarmed           |     5 |       |       ||     5
       Dagger            |       |    42 |    14 ||    56
       Battleaxe         |       |       |     4 ||     4
 Cast: Pain              |    45 |    26 |       ||    71
       Vampiric Draining |     6 |    37 |     5 ||    48
Evoke: Wand              |       |     3 |       ||     3
  Use: Scroll            |     2 |       |       ||     2
  Eat: Chunk             |     3 |     8 |       ||    11
Armor: Robe              |    10 |       |       ||    10
       Leather armour    |     4 |    28 |     2 ||    34
Dodge: Dodged            |    59 |    63 |    16 ||   138
